 Dungeon Crawl Stone Soup version 0.31.0-12-g77e489cdc1 (webtiles) character file.

Game seed: 6581737641397765925

379 Gadfly the Insei (level 6, -16/47 HPs)
             Began as a Demonspawn Monk on Feb 12, 2024.
             Was an Initiate of Ru.
             Demolished by Edmund
             ... wielding a +4 dire flail of holy wrath
              (21 damage)
             ... on level 4 of the Dungeon.
             The game lasted 00:04:02 (1979 turns).

Gadfly the Insei (Demonspawn Monk)                  Turns: 1979, Time: 00:04:04

Health: -16/47     AC:  7    Str: 14    XL:     6   Next: 45%
Magic:  6/6        EV: 13    Int: 10    God:    Ru [......]
Gold:   158        SH:  0    Dex: 15    Spells: 5/5 levels left

rFire   . . .        b - +2 whip (venom)
rCold   . . .        c - orb {light}
rNeg    + . .        a - +1 robe
rPois   .            j - +2 hat {Stlth+}
rElec   .            (no cloak)
rCorr   .            (no gloves)
SInv    .            (no boots)
Will    .....        e - amulet of regeneration Stlth
                     p - ring of positive energy
HPRegen 1.07/turn    (no ring)
MPRegen 0.10/turn

%: no passive effects
@: glowing
A: molten scales 1, demonic guardian 1, no stealth
a: Renounce Religion


You were on level 4 of the Dungeon.
You worshipped Ru.
Ru was noncommittal.
You visited 1 branch of the dungeon, and saw 4 of its levels.

You collected 158 gold pieces.

Inventory:

Hand Weapons
 b - a +2 whip of venom (weapon)
Armour
 a - a +1 robe (worn)
 c - an orb of light (worn)
 j - a +2 hat of stealth (worn)
Jewellery
 e - an amulet of regeneration (around neck)
 p - a ring of positive energy (left hand)
Talismans
 h - a granite talisman
Scrolls
 g - a scroll of enchant weapon {unknown}
 m - a scroll of fog {unknown}
 n - a scroll of fear {unknown}
Potions
 d - 2 potions of haste
 f - 2 potions of ambrosia
 i - 2 potions of curing
 k - a potion of degeneration {unknown}
 l - a potion of enlightenment {unknown}
 o - a potion of berserk rage {unknown}


   Skills:
 - Level 3.0 Fighting
 + Level 3.6 Dodging
 * Level 4.2 Unarmed Combat
 * Level 3.1 Evocations
 * Level 2.6 Shapeshifting


You had 5 spell levels left.
You didn't know any spells.
Your spell library contained the following spells:

 Spells                   Type           Power      Damage    Failure   Level
 Freeze                   Ice            0%         1d3       36%         1
 Frozen Ramparts          Ice            0%         1d1       75%         3
 Hailstorm                Conj/Ice       0%         3d5       75%         3


Dungeon Overview and Level Annotations

Branches:
Dungeon (4/15)
 Temple: D:4-7

Altars:
Hepliaklqana
Nemelex Xobeh
Okawaru
Ru
Yredelemnul

Annotations:
D:4 Edmund


Innate Abilities, Weirdness & Mutations

You are partially covered in molten scales. (AC +2)
A weak demonic guardian rushes to your aid.
You cannot be stealthy.


Message History

You kill the black bear!
Your life force feels restored.
Your Evocations skill increases to level 3!
No target in view!
No target in view!
No target in view!
No target in view!
No target in view!
No target in view!
No target in view!
Edmund the Younger comes into view.
He is wielding a +4 dire flail of holy wrath.
Edmund shouts!
Edmund is nearby!
Edmund is nearby!
Edmund is nearby!
You hit Edmund.
Edmund is poisoned.
Edmund is lightly wounded.
Edmund hits you with a +4 dire flail of holy wrath!
You convulse!
A demonic guardian appears!
You are too injured to fight recklessly!
You are too injured to fight recklessly!
You are too injured to fight recklessly!
You are too injured to fight recklessly!
You are too injured to fight recklessly!
You are too injured to fight recklessly!
You are too injured to fight recklessly!
You are too injured to fight recklessly!
You are too injured to fight recklessly!
You are too injured to fight recklessly!
You are too injured to fight recklessly!
You are too injured to fight recklessly!
You are too injured to fight recklessly!
Unknown command.
Your shadow imp gestures at Edmund.
Edmund writhes in agony!
Edmund hits you with a +4 dire flail of holy wrath!
* * * LOW HITPOINT WARNING * * *
You convulse!!
You die...
Edmund says, "I'd like to see a scythe do that!"

#.......###
#.##..### # ### #.
#..# #.#.. ..
#..##
#.#.#########...##
#...5............#
#.#########)#.[###
#@# #####.#.....
#@# #...........
#.# #.##.##.####
#.# #.##.##.# #.#
#.##†##.#
#.#####.##.##.#
#.......##.##.#
##########.##.#
#.##.# #.....


You could see Edmund (very poisoned, ally target) and a friendly shadow imp
(summoned).

Vanquished Creatures
  Duvessa (D:4)
  A black bear (D:4)
  Blork the orc (D:4)
  Dowan (D:4)
  2 adders (D:3)
  A dart slug (D:1)
  An orc (D:4)
  5 bats
  6 endoplasms
  2 giant cockroaches
  6 goblins (D:1)
  4 hobgoblins
  6 jackals
  4 kobolds
  2 quokkas
  5 ball pythons
  3 frilled lizards (D:3)
  2 rats
53 creatures vanquished.

Vanquished Creatures (collateral kills)
  A hobgoblin (D:1)
  2 kobolds
3 creatures vanquished.

Grand Total: 56 creatures vanquished

Notes
Turn   | Place    | Note
-------+----------+-------------------------------------------
     0 | D:1      | Gadfly the Demonspawn Monk began the quest for the Orb.
     0 | D:1      | Reached XP level 1. HP: 18/18 MP: 1/1
    72 | D:1      | Found a faded altar of an unknown god.
   192 | D:1      | Gained mutation: A weak demonic guardian rushes to your
                  | aid. [demonic ancestry]
   192 | D:1      | Reached XP level 2. HP: 21/24 MP: 2/2
   268 | D:1      | Reached skill level 3 in Unarmed Combat
   268 | D:1      | Reached skill level 1 in Evocations
   765 | D:2      | Reached XP level 3. HP: 22/29 MP: 3/3
   807 | D:2      | Reached skill level 1 in Shapeshifting
  1260 | D:3      | Found a hazy altar of Hepliaklqana.
  1260 | D:3      | Found a basalt altar of Yredelemnul.
  1311 | D:3      | Found a sparkling altar of Nemelex Xobeh.
  1311 | D:3      | Found an iron altar of Okawaru.
  1470 | D:3      | Found a sacrificial altar of Ru.
  1488 | D:3      | Became a worshipper of Ru the Awakened
  1494 | D:3      | Gained mutation: You cannot be stealthy. [Ru sacrifice]
  1567 | D:3      | Reached XP level 4. HP: 35/35 MP: 4/4
  1762 | D:4      | Noticed Dowan
  1762 | D:4      | Noticed Duvessa
  1778 | D:4      | Killed Duvessa
  1779 | D:4      | Gained mutation: You are partially covered in molten
                  | scales. (AC +2) [demonic ancestry]
  1779 | D:4      | Reached XP level 5. HP: 16/41 MP: 5/5
  1812 | D:4      | Killed Dowan
  1888 | D:4      | Noticed Blork the orc
  1895 | D:4      | Killed Blork the orc
  1896 | D:4      | Reached skill level 4 in Unarmed Combat
  1896 | D:4      | Reached XP level 6. HP: 36/47 MP: 6/6
  1975 | D:4      | Noticed Edmund
  1979 | D:4      | Demolished by Edmund

Illustrated notes

Levels and vault maps discovered:
D:1:      tarquinn_simple_flora_water_f, layout_basic,
          chequers_ecumenical_altar_simple_redux
D:2:      layout_basic
D:3:      layout_rooms, mainiacjoe_overflow_concentric_impassable,
          mainiacjoe_overflow_alcove_3
D:4:      layout_loops_ring, nicolae_overflow_crystal_walls,
          amcnicky_mini_pool_small, uniq_blork_the_orc, uniq_edmund,
          uniq_duvessa

Skill      XL: |  1  2  3  4  5  6 |
---------------+-------------------+-----
Unarmed Combat | 3 4 |  4.2
Evocations     | 1 2 3 |  3.1
Shapeshifting  | 1 2 |  2.6
Dodging        | 3 |  3.6
Fighting       | |  3.0

Action                     |  1- 3 |  4- 6 || total
---------------------------+-------+-------++-------
  Melee: Unarmed           |    67 |       ||    67
         Whip              |    57 |    36 ||    93
 Invoke: Sacrifice Stealth |     1 |       ||     1
    Use: Scroll            |     7 |     2 ||     9
   Stab: Sleeping          |     1 |       ||     1
         Distracted        |       |     1 ||     1
 Armour: Robe              |    71 |    35 ||   106
  Dodge: Dodged            |   133 |    12 ||   145
